 Dungeon Crawl Stone Soup version 0.31.0-32-g396128a36d (webtiles) character file.

Game seed: 806145825775493688

469 AdnanSaban the Covered (level 7, -10/43 HPs)
             Began as a Gargoyle Fighter on Apr 11, 2024.
             Killed by divine providence
             ... invoked by an orc priest
              (12 damage)
             ... on level 4 of the Dungeon.
             The game lasted 00:06:44 (4023 turns).

AdnanSaban the Covered (Gargoyle Fighter)           Turns: 4023, Time: 00:06:44

Health: -10/43     AC: 15    Str: 28    XL:     7   Next: 9%
Magic:  7/7        EV:  9    Int:  8    God:
Gold:   111        SH:  4    Dex:  9    Spells: 6/6 levels left

rFire   + . .        a - +0 flail
rCold   . . .        c - +0 buckler
rNeg    + . .        q - +0 chain mail
rPois   ∞            (no helmet)
rElec   +            (no cloak)
rCorr   .            (no gloves)
SInv    .            h - +0 pair of boots
Will    .....        (no amulet) Stlth
                     e - ring of protection from fire
HPRegen 0.27/turn    k - +6 ring of strength
MPRegen 0.10/turn

%: no passive effects
@: no status effects
A: sickness immunity, AC +4, negative energy resistance 1, electricity
resistance, torment resistance 1, petrification resistance
a: no special abilities


You were on level 4 of the Dungeon.
You visited 1 branch of the dungeon, and saw 5 of its levels.

You collected 111 gold pieces.

Inventory:

Hand Weapons
 a - a +0 flail (weapon)
Missiles
 t - 11 poisoned darts (quivered)
Armour
 c - a +0 buckler (worn)
 h - a +0 pair of boots (worn)
 q - a +0 chain mail (worn)
Jewellery
 e - a ring of protection from fire (left hand)
 k - a +6 ring of strength (right hand)
 l - a ring of flight
 n - a ring of ice
Wands
 x - a wand of polymorph (11)
Scrolls
 f - a scroll of revelation {unknown}
 j - 5 scrolls of identify {unknown}
 m - a scroll of immolation {unknown}
 r - a scroll of blinking {unknown}
 s - a scroll of amnesia {unknown}
 u - 2 scrolls of teleportation {unknown}
 v - a scroll of enchant armour {unknown}
 w - 2 scrolls of fog {unknown}
Potions
 b - a potion of brilliance {unknown}
 d - 2 potions of might
 g - a potion of enlightenment {unknown}
 i - 2 potions of resistance {unknown}
 o - a potion of magic {unknown}
 p - 2 potions of degeneration {unknown}
 z - a potion of lignification {unknown}


   Skills:
 + Level 4.1 Fighting
 + Level 4.8 Maces & Flails
 + Level 0.5 Throwing
 + Level 4.9 Armour
 + Level 1.3 Dodging
 + Level 4.6 Shields


You had 6 spell levels left.
You didn't know any spells.
Your spell library contained the following spells:

 Spells                   Type           Power      Damage    Failure   Level
 Apportation              Tloc           0%         N/A       91%         1
 Jinxbite                 Hex            0%         N/A       97%         2
 Alistair's Intoxication  Alch           0%         N/A       100%        5


Dungeon Overview and Level Annotations

Branches:
Dungeon (5/15)
 Temple: D:4-7

Altars:
Vehumet

Shops:
D:5 =

Annotations:
D:4 Sigmund
D:5 3 runed translucent doors, TangoThomas's ghost, novice DsAl


Innate Abilities, Weirdness & Mutations

You are immune to sickness and miasma.
Your stone body is resilient. (AC +4)
You are immune to poison.
You resist negative energy. (rN+)
You are resistant to electric shocks. (rElec)
You are resistant to unholy torment.
You are immune to petrification.


Message History

You completely miss something. You throw a poisoned dart.
The poisoned dart hits the orc priest.
The orc priest is heavily wounded.
You hear a splash.
You hear some strange, mumbled words.
A puff of flame appears from out of thin air!
The puff of flame hits you. You resist.
You throw a poisoned dart.
The poisoned dart closely misses the orc priest.
You block something's attack.
You throw a poisoned dart. The poisoned dart hits the orc priest.
The orc priest is poisoned.
The orc priest is heavily wounded.
You hear a splash.
You hear some strange, mumbled words.
You are confused.
You bump into the rock wall.
Something hits you.
You throw a poisoned dart.
The orc priest invokes the aid of Beogh against you.
Beogh smites you! Something hits you but does no damage.
You bump into the rock wall.
The orc priest looks satisfied for a moment.
You hear some strange, mumbled words.
A puff of flame appears from out of thin air!
The puff of flame hits you but does no damage.
The orc priest calls down the wrath of Beogh upon you.
Beogh smites you!
You bump into the rock wall.
The orc priest looks more healthy.
Something hits you but does no damage.
You bump into the rock wall.
Something hits you.
The orc priest casts a cantrip, but nothing happens.
You bump into the rock wall.
You feel less confused. Something hits you but does no damage.
The orc priest mumbles some strange prayers to Beogh against you.
Beogh smites you!
* * * LOW HITPOINT WARNING * * *
You hear some strange, mumbled words.
Something tries to affect you, but you resist.
The orc priest invokes the aid of Beogh against you.
Beogh smites you!
You die...

##################
#....#...........#
##....#...........#
#.....##....###..####
####..##<...###+##..#. ##
#.......>........... #≈
#................... #≈
####..##...###...####
##≈####.##.@##...###...####.
#.~..........#...+.......<..
#.~..#.....{.#...#..........
#.~.###..##.####.#####'###..
##≈#...####o########...###{.
#≈#.....~#≈o~..~##...)..#..
###......#(♣~..♣~#...)..#..
#.....~#≈.~..~~#.....##..
###+#.~~..~.~~~##....##<.


You could see an orc priest and an orc.

Vanquished Creatures
  An ice beast (D:5)
  A howler monkey (D:5)
  A hound (D:5)
  Terence (D:2)
  4 iguanas
  8 adders
  5 ribbon worms
  3 dart slugs
  10 orcs
  2 endoplasms (D:1)
  4 giant cockroaches
  10 goblins
  8 hobgoblins
  3 jackals
  A quokka (D:1)
  10 ball pythons
  6 bats
  4 frilled lizards
  9 kobolds
  9 rats
100 creatures vanquished.

Notes
Turn   | Place    | Note
-------+----------+-------------------------------------------
     0 | D:1      | AdnanSaban the Gargoyle Fighter began the quest for the
                  | Orb.
     0 | D:1      | Reached XP level 1. HP: 14/14 MP: 1/1
   186 | D:1      | Reached XP level 2. HP: 6/19 MP: 2/2
   553 | D:1      | Reached XP level 3. HP: 19/23 MP: 3/3
  1099 | D:2      | Noticed Terence
  1114 | D:2      | Killed Terence
  1115 | D:2      | Reached XP level 4. HP: 20/29 MP: 4/4
  1709 | D:3      | Found a radiant altar of Vehumet.
  1977 | D:2      | Reached XP level 5. HP: 29/33 MP: 5/5
  2047 | D:3      | Found a faded altar of an unknown god.
  2288 | D:3      | Reached skill level 1 in Dodging
  2598 | D:4      | Noticed Sigmund
  2721 | D:5      | Entered Level 5 of the Dungeon
  2844 | D:5      | Reached XP level 6. HP: 20/38 MP: 6/6
  2922 | D:5      | Noticed an ice beast
  2943 | D:5      | Killed an ice beast
  3061 | D:5      | Found a runed translucent gate.
  3061 | D:5      | Found a runed translucent gate.
  3074 | D:5      | Found a runed translucent gate.
  3074 | D:5      | Noticed TangoThomas's ghost (novice DsAl)
  3075 | D:5      | Noticed an orc warrior
  3076 | D:5      | Identified the +9 whip of the Devouring Oracle {spect, rF+
                  | Int+3}
  3076 | D:5      | Identified the +1 leather armour of the Rose {Harm Rampage
                  | Str+2}
  3208 | D:5      | Identified the +8 rapier of Deflation {drain, rC++ rN+}
  3292 | D:5      | Found Pali Qah's Jewellery Shop.
  3818 | D:4      | Reached XP level 7. HP: 43/43 MP: 7/7
  4020 | D:4      | HP: 1/43 [orc priest/divine providence (13)]
  4023 | D:4      | Killed from afar by an orc priest

Illustrated notes

Levels and vault maps discovered:
D:1:      roderic_crop_circles_arrival_small, layout_basic
D:2:      layout_basic, uniq_terence
D:3:      layout_basic, overflow_temple_1_default, basic_ecumenical_altar,
          minmay_misc_feat_tower, small_statue_intersection, nicolae_half_adder
D:4:      layout_gridville, regret_index_xom_buried_treasure,
          minmay_temple_entry_poolview, serial_rivers,
          chequers_serial_rivers_large_a, chequers_serial_rivers_marsh,
          chequers_serial_rivers_micro_a, chequers_serial_rivers_marsh,
          chequers_serial_rivers_micro_a, uniq_sigmund
D:5:      layout_loops_ring, biasface_ghost_orc_armoury, serial_shops,
          nicolae_shop_trees

Skill      XL: |  1  2  3  4  5  6 |
---------------+-------------------+-----
Maces & Flails | 3 4 |  4.8
Armour         | 4 |  4.9
Shields        | 4 |  4.6
Dodging        | 1 |  1.3
Fighting       | 4 |  4.1
Throwing       | |  0.5

Action                     |  1- 3 |  4- 6 |  7- 9 || total
---------------------------+-------+-------+-------++-------
  Melee: Flail             |   140 |   243 |    11 ||   394
  Throw: Dart              |       |    12 |     4 ||    16
 Armour: Scale mail        |    74 |    11 |       ||    85
         Chain mail        |       |   282 |    17 ||   299
  Dodge: Dodged            |    69 |   167 |     1 ||   237
  Block: Buckler           |    32 |    78 |     4 ||   114
